 Dungeon Crawl Stone Soup version 0.29.1-1-gd02db69 (webtiles) character file.

Game seed: 2894920269125250176

599 Kel the Chopper (level 7, -4/41 HPs)
             Began as a Gargoyle Berserker on Nov 25, 2022.
             Was a Priest of Trog.
             Killed from afar by Ijyb (12 damage)
             ... with a bolt of acid
             ... on level 5 of the Dungeon.
             The game lasted 00:05:26 (4571 turns).

Kel the Chopper (Gargoyle Berserker)                Turns: 4571, Time: 00:05:26

Health: -4/41      AC:  6    Str: 22    XL:     7   Next: 41%
Magic:  7/7        EV:  8    Int:  8    God:    Trog [***...]
Gold:   217        SH:  0    Dex:  9    Spells: 6/6 levels left

rFire   . . .      SeeInvis .   B - +0 war axe
rCold   . . .      Faith    .   (no shield)
rNeg    + . .      Spirit   .   E - +0 chain mail
rPois   ∞          Reflect  .   (no helmet)
rElec   +          Harm     .   z - +0 cloak
rCorr   .          Rampage  .   (no gloves)
Will    .....                   (no boots)
Stlth   ..........              (no amulet)
HPRegen 0.13/turn               l - +4 ring of protection
MPRegen 0.10/turn               (no ring)

@: corroded
A: sickness immunity, AC +4, negative energy resistance 1, electricity
resistance, torment resistance 1, petrification resistance
a: Renounce Religion, Berserk, Trog's Hand


You were on level 5 of the Dungeon.
You worshipped Trog.
Trog was most pleased with you.
You visited 1 branch of the dungeon, and saw 5 of its levels.

You collected 217 gold pieces.

Inventory:

Hand Weapons
 B - a +0 war axe (weapon)
Armour
 z - a +0 cloak (worn)
 E - a +0 chain mail (worn)
Jewellery
 l - a +4 ring of protection (left hand)
Wands
 y - a wand of charming (18)
 A - a wand of acid (4)
Scrolls
 a - a scroll of enchant weapon {unknown}
 c - 10 scrolls of teleportation {unknown}
 f - a scroll of magic mapping {unknown}
 g - 9 scrolls of identify {unknown}
 h - a scroll of vulnerability {unknown}
 j - a scroll of summoning {unknown}
 m - a scroll of butterflies {unknown}
 p - a scroll of torment {unknown}
 q - a scroll of brand weapon {unknown}
 r - 2 scrolls of amnesia {unknown}
 u - a scroll of fear {unknown}
 w - a scroll of noise {unknown}
 x - a scroll of enchant armour {unknown}
 D - a scroll of acquirement {unknown}
Potions
 b - a potion of heal wounds {unknown}
 d - 2 potions of resistance {unknown}
 e - 2 potions of brilliance {unknown}
 i - 2 potions of might {unknown}
 k - 2 potions of berserk rage {unknown}
 n - 4 potions of attraction {unknown}
 o - a potion of magic {unknown}
 s - 2 potions of flight {unknown}
 t - 2 potions of ambrosia {unknown}
 v - a potion of curing {unknown}
 C - a potion of haste
 F - a potion of degeneration {unknown}


   Skills:
 - Level 3.2 Fighting
 + Level 7.6 Axes
 - Level 2.1 Armour
 - Level 1.5 Dodging


You had 6 spell levels left.
You didn't know any spells.
Your spell library was empty.

Dungeon Overview and Level Annotations

Branches:
Dungeon (5/15)             Temple (0/1) D:4

Altars:
Ashenzari
Elyvilon
Hepliaklqana
Trog

Shops:
D:4 *

Annotations:
D:5 Ijyb


Innate Abilities, Weirdness & Mutations

You are immune to sickness and miasma.
Your stone body is resilient. (AC +4)
You are immune to poison.
You resist negative energy. (rN+)
You are resistant to electric shocks. (rElec)
You are resistant to unholy torment.
You are immune to petrification.


Message History

No target in view!
No target in view!
You now have 217 gold pieces (gained 17).
Things that are here:
a +0 dagger; an orc corpse
There is an escape hatch in the floor here.
Ijyb the Twisted Goblin comes into view.
She is wielding a +0 dagger and carrying a wand of acid (11).
Ijyb zaps a wand.
The bolt of acid hits you! The acid corrodes you!
You barely miss Ijyb. Ijyb hits you but does no damage. x2
You hit Ijyb but do no damage.
Ijyb zaps a wand.
The bolt of acid misses you.
You barely miss Ijyb. Ijyb barely misses you.
You closely miss Ijyb.
Ijyb zaps a wand.
The bolt of acid misses you.
You hit Ijyb.
Ijyb is lightly wounded.
Ijyb hits you but does no damage.
You hit Ijyb but do no damage.
Ijyb is lightly wounded.
Ijyb zaps a wand.
The bolt of acid hits you! The acid corrodes you!
You hit Ijyb but do no damage.
Ijyb is lightly wounded.
Ijyb hits you but does no damage.
You closely miss Ijyb.
Ijyb is lightly wounded.
Ijyb hits you but does no damage. x2
You hit Ijyb but do no damage.
Ijyb is lightly wounded.
Ijyb barely misses you.
You hit Ijyb.
Ijyb is moderately wounded.
Ijyb barely misses you.
You hit Ijyb but do no damage.
Ijyb is lightly wounded.
Ijyb zaps a wand.
The bolt of acid hits you!!
Ouch! That really hurt!
* * * LOW HITPOINT WARNING * * *
The acid corrodes you!
You barely miss Ijyb.
Ijyb is lightly wounded.
Ijyb zaps a wand.
The bolt of acid hits you!
You die...

####### #......
...# ## ## )..# #.
.# ...# .#. ...#
... ...# #.# .##
...# #g# ... ...#
#@# ..# ...# #.#
#..# ...# #.# #..#
...# #.##### #..#
...#### #.....#
######..# ....[.#
#####.####........
...##.#
#............#
...##.#
#.............
..###.#
#>............


You could see Ijyb.

Vanquished Creatures
  An ogre (D:4)
  A phantom (D:5)
  Blork the orc (D:4)
  A scorpion (D:5)
  A jelly (D:4)
  2 hounds
  Crazy Yiuf (D:3)
  An iguana (D:5)
  6 adders
  5 dart slugs
  11 orcs
  5 bats
  7 endoplasms
  3 giant cockroaches
  5 hobgoblins
  9 jackals (D:3)
  3 quokkas
  10 ball pythons
  3 frilled lizards
  12 goblins
  7 kobolds
  5 rats
100 creatures vanquished.

Vanquished Creatures (others)
  20 plants
20 creatures vanquished.

Grand Total: 120 creatures vanquished

Notes
Turn   | Place    | Note
-------+----------+-------------------------------------------
     0 | D:1      | Kel the Gargoyle Berserker began the quest for the Orb.
     0 | D:1      | Reached XP level 1. HP: 14/14 MP: 1/1
   183 | D:1      | Reached skill level 3 in Axes
   193 | D:1      | Reached XP level 2. HP: 11/19 MP: 2/2
   781 | D:1      | Reached XP level 3. HP: 23/23 MP: 3/3
   928 | D:2      | Reached ** piety under Trog
  1094 | D:2      | Reached skill level 4 in Axes
  1307 | D:2      | You fall into a shaft and drop 2 floors!
  1311 | D:4      | Found a staircase to the Ecumenical Temple.
  1368 | D:4      | Reached XP level 4. HP: 23/28 MP: 4/4
  1444 | D:3      | Found a faded altar of an unknown god.
  2207 | D:3      | Reached *** piety under Trog
  2277 | D:3      | Reached skill level 5 in Axes
  2346 | D:3      | Found a runed translucent door.
  2347 | D:3      | Noticed Crazy Yiuf
  2699 | D:3      | Reached XP level 5. HP: 30/32 MP: 5/5
  2880 | D:3      | Killed Crazy Yiuf
  3182 | D:4      | Found a broken altar of Ashenzari.
  3201 | D:4      | Noticed an ogre
  3212 | D:4      | Killed an ogre
  3213 | D:4      | Reached skill level 6 in Axes
  3213 | D:4      | Reached XP level 6. HP: 37/37 MP: 6/6
  3472 | D:4      | Found Xita's Assorted Antiques.
  3510 | D:4      | Found a bloodstained altar of Trog.
  3800 | D:4      | Noticed Blork the orc
  3807 | D:4      | Killed Blork the orc
  4103 | D:5      | Entered Level 5 of the Dungeon
  4303 | D:5      | Found a hazy altar of Hepliaklqana.
  4335 | D:5      | Reached skill level 7 in Axes
  4335 | D:5      | Reached XP level 7. HP: 37/41 MP: 7/7
  4444 | D:5      | Found a white marble altar of Elyvilon.
  4556 | D:5      | Noticed Ijyb
  4571 | D:5      | Killed from afar by Ijyb

Illustrated notes

Levels and vault maps discovered:
D:1:      dpeg_arrival_rooms_a, layout_rooms
D:2:      layout_basic
D:3:      layout_loops_corners, serial_bayou, serial_bayou_lagoon_a,
          serial_bayou_ford_a, serial_bayou_lagoon_b, serial_bayou_pond_a,
          hellmonk_ecumenical_altar_dog_temple, minmay_misc_feat_alley,
          uniq_crazy_yiuf_cottage
D:4:      layout_loops_ring, kennysheep_little_box, trog_three_pillars_becter,
          temple_pool_b, serial_shops, nicolae_shop_overgrown_old_shop,
          uniq_blork_the_orc
D:5:      layout_loops_ring, mainiacjoe_overflow_small_starburst,
          kennysheep_mini_moat, uniq_ijyb

Skill      XL: |  1  2  3  4  5  6 |
---------------+-------------------+-----
Axes           | 3 4 5 6 7 |  7.6
Fighting       | |  3.2
Armour         | |  2.1
Dodging        | |  1.5

Action                   |  1- 3 |  4- 6 |  7- 9 || total
-------------------------+-------+-------+-------++-------
Melee: Hand axe          |   122 |   133 |       ||   255
       Punch             |       |     2 |       ||     2
       War axe           |       |    44 |    31 ||    75
Invok: Berserk           |       |     2 |       ||     2
Armor: Animal skin       |    52 |    22 |       ||    74
       Leather armour    |       |    65 |       ||    65
       Chain mail        |       |     4 |    24 ||    28
Dodge: Dodged            |    66 |    99 |    13 ||   178
